 Dungeon Crawl Stone Soup version 0.31.0-32-g396128a36d (webtiles) character file.

Game seed: 16288321352839892094

1046 Cado913 the Cleaver (level 8, -17/73 HPs)
             Began as a Hill Orc Monk on Mar 11, 2024.
             Demolished by a kobold brigand
             ... wielding a +2 short sword of distortion
              (21 damage)
             ... on level 6 of the Dungeon.
             The game lasted 00:41:16 (4679 turns).

Cado913 the Cleaver (Hill Orc Monk)                 Turns: 4679, Time: 00:41:16

Health: -17/73     AC: 16    Str: 27 (28) XL:     8   Next: 25%
Magic:  8/8        EV:  9    Int: 10      God:
Gold:   230        SH:  0    Dex: 13      Spells: 7/7 levels left

rFire   . . .        a - +0 hand axe (protect)
rCold   . . .        d - orb {light}
rNeg    . . .        o - +0 chain mail
rPois   .            (no helmet)
rElec   .            (no cloak)
rCorr   .            (no gloves)
SInv    .            (no boots)
Will    .....        (no amulet) Stlth
                     g - +6 ring of strength
HPRegen 0.32/turn    n - +6 ring of strength
MPRegen 0.11/turn

%: no passive effects
@: under a protective aura, glowing
A: no striking features
a: no special abilities


You were on level 6 of the Dungeon.
You visited 1 branch of the dungeon, and saw 6 of its levels.

You collected 230 gold pieces.

Inventory:

Hand Weapons
 a - a +0 hand axe of protection (weapon)
 f - a +0 dagger
 h - a +0 hand axe
Missiles
 b - a boomerang (quivered)
Armour
 d - an orb of light (worn)
 o - a +0 chain mail (worn)
Jewellery
 g - a +6 ring of strength (left hand)
 n - a +6 ring of strength (right hand)
 p - a ring of resist corrosion
Talismans
 i - a beast talisman
Wands
 k - a wand of acid (13)
Scrolls
 e - 9 scrolls of identify
 l - a scroll of enchant weapon {unknown}
 m - 2 scrolls of revelation
Potions
 c - a potion of ambrosia
 j - a potion of might
 r - 2 potions of curing
 u - a potion of attraction
 v - a potion of heal wounds


   Skills:
 * Level 7.5 Fighting
 * Level 8.4 Axes
 + Level 2.6 Throwing
 + Level 3.8 Armour
 - Level 2.5 Dodging


You had 7 spell levels left.
You didn't know any spells.
Your spell library contained the following spells:

 Spells                   Type           Power      Damage    Failure   Level
 Apportation              Tloc           0%         N/A       87%         1
 Foxfire                  Conj/Fire      0%         2x1d4     87%         1
 Magic Dart               Conj           0%         1d3       87%         1
 Necrotise                Necr           0%         1d4       87%         1
 Sting                    Conj/Alch      0%         1d3       87%         1
 Summon Small Mammal      Summ           0%         N/A       87%         1
 Blink                    Tloc           0%         N/A       95%         2
 Call Imp                 Summ           0%         N/A       95%         2
 Call Canine Familiar     Summ           0%         N/A       99%         3
 Summon Blazeheart Golem  Fire/Summ      0%         N/A       100%        4
 Plasma Beam              Fire/Air       0%         2x1d10    100%        6
 Starburst                Conj/Fire      0%         6d3       100%        6


Dungeon Overview and Level Annotations

Branches:
Dungeon (6/15)
 Temple: D:4-7

Altars:
Ashenzari
Elyvilon

Shops:
D:1 (   D:3 [

Annotations:
D:3 Sigmund


Message History

A large abomination comes into view.
You barely miss the kobold brigand.
You hit the large abomination but do no damage.
Your weapon exudes an aura of protection.
The kobold brigand hits you but does no damage.
The large abomination hits you but does no damage.
You hit the kobold brigand.
The kobold brigand is lightly wounded.
You hit the large abomination. The large abomination hits you!
The kobold brigand hits you but does no damage.
Space warps around you.
You slash the kobold brigand!
The kobold brigand is moderately wounded.
You hit the large abomination but do no damage.
The kobold brigand closely misses you.
The large abomination closely misses you.
You hit the kobold brigand.
The kobold brigand is heavily wounded.
You hit the large abomination but do no damage.
The kobold brigand hits you with a +2 short sword of distortion.
Space warps around you. The large abomination hits you!!
You hit the kobold brigand but do no damage.
The kobold brigand is heavily wounded.
You hit the large abomination.
The kobold brigand hits you but does no damage.
Space warps around you.
* * * LOW HITPOINT WARNING * * *
The large abomination hits you.
* * * LOW HITPOINT WARNING * * *
You hit the kobold brigand.
The kobold brigand is severely wounded.
You hit the large abomination but do no damage.
The kobold brigand barely misses you. The large abomination hits you!
* * * LOW HITPOINT WARNING * * *
You closely miss the kobold brigand.
The kobold brigand is severely wounded.
You hit the large abomination.
The kobold brigand hits you but does no damage.
Space warps horribly around you!!
You die...

#. #...# .##.# ##...#
..#...##....# #...#©....#
#.##.#.....# ##...###...#
..=.#..#...# ..### #X##..#
... . #.## #@#©.# ...###
##..##K##..##
.$....####....###....#.#
.......................#
....................##....
...........###.#..### .##.
>.$.................. .
.......<....######...# #
........#.†...# ##...


You could see a large abomination and a kobold brigand.

Vanquished Creatures
  Menkaure (D:4)
  An ice beast (D:5)
  An ogre (D:5)
  A centaur (D:5)
  A phantom (D:5)
  A bullfrog (D:6)
  A hound (D:4)
  A bombardier beetle (D:5)
  A jelly (D:4)
  3 orc priests
  5 iguanas
  Terence (D:2)
  A sleepcap (D:5)
  3 gnolls (D:5)
  7 adders
  A white imp (D:6)
  2 dart slugs
  A ribbon worm (D:4)
  7 orcs
  4 ball pythons
  5 bats
  5 endoplasms
  2 giant cockroaches
  3 goblins
  6 hobgoblins
  A jackal (D:1)
  A quokka (D:1)
  2 frilled lizards
  10 kobolds
  A rat (D:1)
80 creatures vanquished.

Notes
Turn   | Place    | Note
-------+----------+-------------------------------------------
     0 | D:1      | Cado913 the Hill Orc Monk began the quest for the Orb.
     0 | D:1      | Reached XP level 1. HP: 19/19 MP: 1/1
   164 | D:1      | Reached XP level 2. HP: 26/27 MP: 2/2
   185 | D:1      | Found a faded altar of an unknown god.
   496 | D:1      | Found Qeutrit's Weapon Boutique.
  1065 | D:2      | Reached XP level 3. HP: 33/33 MP: 3/3
  1183 | D:2      | Reached skill level 1 in Armour
  1183 | D:2      | Found a white marble altar of Elyvilon.
  1239 | D:2      | Noticed Terence
  1250 | D:2      | Killed Terence
  1251 | D:2      | Reached skill level 5 in Axes
  1251 | D:2      | Reached XP level 4. HP: 29/41 MP: 4/4
  1321 | D:2      | Identified the +2 robe of Qurghauli {rF+ rC+ Regen+ Slay-3}
  1538 | D:3      | Found Lellas's Antique Armour Shoppe.
  1643 | D:3      | Reached skill level 5 in Fighting
  1643 | D:3      | Reached XP level 5. HP: 25/48 MP: 5/5
  1959 | D:3      | Found a broken altar of Ashenzari.
  2273 | D:3      | Noticed Sigmund
  2623 | D:4      | Reached skill level 6 in Axes
  2635 | D:4      | Noticed Menkaure
  2645 | D:4      | Killed Menkaure
  2646 | D:4      | Reached skill level 1 in Throwing
  2646 | D:4      | Reached XP level 6. HP: 42/57 MP: 6/6
  3490 | D:5      | Entered Level 5 of the Dungeon
  3517 | D:5      | Identified the +2 trident "Giantbane" {vamp, rElec rF++}
  3540 | D:5      | Reached skill level 7 in Axes
  3540 | D:5      | Reached XP level 7. HP: 52/63 MP: 7/7
  4003 | D:5      | Reached skill level 8 in Axes
  4003 | D:5      | Reached XP level 8. HP: 29/73 MP: 8/8
  4656 | D:6      | Noticed a small abomination
  4665 | D:6      | Found a transporter.
  4672 | D:6      | Noticed a large abomination
  4679 | D:6      | Demolished by a kobold brigand

Illustrated notes

Levels and vault maps discovered:
D:1:      dpeg_arrival_round_b, layout_loops_corners,
          chequers_ecumenical_altar_island, serial_shops,
          nicolae_shop_bloodbath_and_beyond, hangedman_decor_opposing,
          st_stairs_1, minmay_tetromino_t2
D:2:      layout_rooms, basic_altar, uniq_terence
D:3:      layout_basic, evilmike_ruin_ashenzari, serial_shops, shop,
          uniq_sigmund, uniq_grinder
D:4:      layout_loops_ring, uniq_menkaure
D:5:      cheibrodos_quashed, layout_basic
D:6:      layout_rooms, gammafunk_ghost_abyssal_escape, enter_ossuary_5,
          minmay_manual_monstrance

Skill      XL: |  1  2  3  4  5  6  7 |
---------------+----------------------+-----
Fighting       | 4 5 6 7 |  7.5
Armour         | 1 2 3 |  3.8
Axes           | 5 6 7 8 |  8.4
Throwing       | 1 2 |  2.6
Dodging        | |  2.5

Action                     |  1- 3 |  4- 6 |  7- 9 || total
---------------------------+-------+-------+-------++-------
  Melee: Hand axe          |    67 |   104 |    70 ||   241
  Throw: Boomerang         |       |    16 |    23 ||    39
    Use: Scroll            |     3 |     7 |       ||    10
         Potion            |     6 |     5 |       ||    11
 Armour: Robe              |    34 |       |       ||    34
         Scale mail        |       |    11 |       ||    11
         Chain mail        |       |    64 |    70 ||   134
  Dodge: Dodged            |    26 |    43 |    37 ||   106
